 Dungeon Crawl Stone Soup version 0.29-a0-1027-gcd8c55af63 (webtiles) character file.

Game seed: 8558098454471337239

200 Hubris850 the Insei (level 5, -1/33 HPs)
             Began as an Octopode Transmuter on Aug 12, 2022.
             Slain by an ogre
             ... wielding a +0 giant club
              (29 damage)
             ... on level 5 of the Dungeon.
             The game lasted 00:07:06 (3725 turns).

Hubris850 the Insei (Octopode Transmuter)           Turns: 3725, Time: 00:07:07

Health: -1/33      AC:  6    Str:  9      XL:     5   Next: 79%
Magic:  6/9        EV: 24    Int: 22 (23) God:
Gold:   108        SH:  5    Dex: 23 (24) Spells: 2/10 levels left

rFire   + . .      SeeInvis .     - Unarmed
rCold   . . .      Faith    .   (shield currently unavailable)
rNeg    . . .      Spirit   .   (helmet currently unavailable)
rPois   .          Reflect  +   u - amulet of reflection
rElec   .          Harm     .   g - +4 ring of protection
rCorr   .          Rampage  .   l - ring "Byintouph" {rPois rF+ Dex+6}
Will    .....                   m - +6 ring of intelligence
Stlth   ++........              x - +4 ring of evasion
HPRegen 0.11/turn               (no ring)
MPRegen 0.11/turn               (no ring)
                                (no ring)
                                (no ring)

@: spider-form
A: venomous fangs, almost no armour, (amphibious), 8 rings, tiny, (camouflage
1), (gelatinous body 1), (nimble swimmer 1), (tentacles)
a: End Transformation


You were on level 5 of the Dungeon.
You were a venomous arachnid creature.
You visited 1 branch of the dungeon, and saw 5 of its levels.

You collected 108 gold pieces.

Inventory:

Hand Weapons
 j - a +1 short sword of venom
Missiles
 n - 3 poisoned darts
Magical Staves
 f - a staff of conjuration
 v - a staff of poison
Jewellery
 g - a +4 ring of protection (left front leg)
 l - the ring "Byintouph" (right front leg) {rPois rF+ Dex+6}
   (You found it on level 2 of the Dungeon)

   [ring of dexterity]

   Dex:       It affects your dexterity (+6).
   rF:        It protects you from fire.
   rPois:     It protects you from poison.
 m - a +6 ring of intelligence (on tentacle)
 u - an amulet of reflection (around neck)
 x - a +4 ring of evasion (on tentacle)
Wands
 s - a wand of roots (12)
Scrolls
 b - a scroll of vulnerability {unknown}
 c - 3 scrolls of noise {unknown}
 d - 2 scrolls of magic mapping {unknown}
 e - a scroll of fear {unknown}
 h - 4 scrolls of identify {unknown}
 i - a scroll of immolation {unknown}
 k - a scroll of brand weapon {unknown}
 r - a scroll of teleportation {unknown}
 w - 2 scrolls of enchant weapon {unknown}
 y - a scroll of butterflies {unknown}
Potions
 a - 6 potions of lignification
 o - 2 potions of curing {unknown}
 p - 2 potions of attraction {unknown}
 q - a potion of haste {unknown}
 t - a potion of might {unknown}
 z - a potion of resistance {unknown}


   Skills:
 - Level 1.0 Fighting
 - Level 2.0 Dodging
 - Level 1.2 Stealth
 + Level 4.5 Unarmed Combat
 + Level 3.1 Spellcasting
 + Level 3.1 Transmutations
 + Level 1.4 Ice Magic


You had 2 spell levels left.
You knew the following spells:

 Your Spells              Type           Power      Damage    Failure   Level
a - Beastly Appendage     Tmut           34%        N/A       11%         1
b - Spider Form           Tmut/Pois      10%        N/A       38%         3
c - Ice Form              Ice/Tmut       13%        N/A       65%         4

Your spell library contained the following spells:

 Spells                   Type           Power      Damage    Failure   Level
 Wereblood                Tmut           17%        N/A       14%         2


Dungeon Overview and Level Annotations

Branches:
Dungeon (5/15)
 Temple: D:4-7

Altars:
Elyvilon

Annotations:
D:3 2 transporters, drpainis's ghost, weakling SpEn


Innate Abilities, Weirdness & Mutations

You are a venomous arachnid creature.
You have poisonous fangs.
You are tiny and dextrous.
Your spellcasting is less reliable in this form.
Your armour is entirely melded.
You are incapable of wielding weapons or throwing items.
You cannot wear most types of armour.
((You are amphibious.))
You can wear up to eight rings at the same time.
((Your skin changes colour to match your surroundings (Stealth+).))
((Your rubbery body absorbs attacks. (AC +1, EV +1)))
((You are camouflaged when in or above water. (Stealth+)))
((You have tentacles for arms and can constrict up to eight enemies at once.))


Message History

Done exploring.
Done exploring.
Okay, then.
Unknown command.
Casting: Beastly Appendage (safe; 3% risk of failure)
Confirm with . or Enter, or press ? or * to list all spells.
Okay, then.
(D) Dungeon
Where to? (Enter - D:4, ? - help)
There is an open door here.
There is a stone staircase leading down here.
You climb downwards.
Found a whip and an iron wand.
There is a stone staircase leading up here.
An ufetubus is nearby!
Found 12 gold pieces.
The helpless ufetubus fails to defend itself.
You tentacle-slap the ufetubus. Your grab misses the ufetubus.
The ufetubus is almost dead.
The ufetubus closely misses you.
The ufetubus hits you but does no damage.
You tentacle-slap the ufetubus.
You kill the ufetubus!
You feel your intelligence returning.
No target in view!
Unknown command.
An ogre comes into view. It is wielding a +0 giant club.
Casting: Beastly Appendage (safe; 3% risk of failure)
Confirm with . or Enter, or press ? or * to list all spells.
The spell is quite dangerous to miscast (19% risk of failure)!
Continue anyway?
You turn into a venomous arachnid creature.
The ogre shouts!
You hit the ogre.
The ogre is poisoned.
The ogre is moderately wounded.
The ogre hits you with a +0 giant club.
You hit the ogre.
The ogre looks as sick as possible!
The ogre is moderately wounded.
The ogre hits you with a +0 giant club!!
Ouch! That really hurt!
You die...

#######
......)###
#.......<#
#...##.#.# .
#.....##
.##......######
.........$.....
.##....s.######
........O##
.####/#.# ###.#
..# #.. ... .#.


You could see an ogre (extremely poisoned).

Vanquished Creatures
  An orc priest (D:3)
  An orc wizard (D:3)
  4 adders
  An ufetubus (D:5)
  3 worms
  2 dart slugs
  4 orcs (D:3)
  6 ball pythons
  4 bats
  9 endoplasms
  4 giant cockroaches
  14 goblins
  6 hobgoblins
  9 kobolds
  4 quokkas
  2 frilled lizards (D:3)
  A rat (D:1)
75 creatures vanquished.

Notes
Turn   | Place    | Note
-------+----------+-------------------------------------------
     0 | D:1      | Hubris850 the Octopode Transmuter began the quest for the
                  | Orb.
     0 | D:1      | Reached XP level 1. HP: 13/13 MP: 3/3
   464 | D:1      | Reached XP level 2. HP: 18/18 MP: 5/5
   912 | D:1      | Reached skill level 1 in Stealth
   958 | D:1      | Reached XP level 3. HP: 23/23 MP: 6/6
  1228 | D:1      | Found a faded altar of an unknown god.
  1460 | D:2      | Reached skill level 4 in Unarmed Combat
  1552 | D:2      | Reached XP level 4. HP: 23/28 MP: 7/7
  1726 | D:2      | Learned a level 3 spell: Spider Form
  1731 | D:2      | Learned a level 4 spell: Ice Form
  1904 | D:2      | Identified the ring "Byintouph" {rPois rF+ Dex+6}
  2372 | D:3      | Reached XP level 5. HP: 30/33 MP: 9/9
  2376 | D:3      | Reached skill level 1 in Ice Magic
  2448 | D:3      | Found a white marble altar of Elyvilon.
  2451 | D:3      | Identified the +5 ring mail of Happy Babbling {Drain Fly
                  | rPois Regen+}
  2760 | D:3      | Found a transporter.
  2788 | D:3      | Found a transporter.
  2792 | D:3      | Noticed drpainis's ghost (weakling SpEn)
  3714 | D:5      | Entered Level 5 of the Dungeon
  3719 | D:5      | Noticed an ogre
  3725 | D:5      | Slain by an ogre

Illustrated notes

Levels and vault maps discovered:
D:1:      psy_arrival_radial01, layout_basic,
          shapermc_ecumenical_altar_mp_vishouse, minmay_misc_feat_alley,
          minmay_tripent
D:2:      layout_loops_ring, hangedman_decor_opposing
D:3:      layout_basic, elyvilon_altar_3, gammafunk_ghost_mausoleum
D:4:      layout_gridville
D:5:      layout_loops_ring, minitemple, minmay_temple_entry_mini_moons,
          dreamdust_wishing_well, minmay_manual_mares, uniq_blork_the_orc,
          uniq_duvessa

Skill      XL: |  1  2  3  4  5 |
---------------+----------------+-----
Stealth        | 1 |  1.2
Unarmed Combat | 4 |  4.5
Transmutations | 3 |  3.1
Ice Magic      | 1 |  1.4
Spellcasting   | 3 |  3.1
Fighting       | |  1.0
Dodging        | |  2.0

Action                   |  1- 3 |  4- 6 || total
-------------------------+-------+-------++-------
Melee: Unarmed           |    87 |   101 ||   188
       Tentacles         |    19 |    20 ||    39
       Constrict         |    20 |    22 ||    42
       Punch             |     4 |     8 ||    12
 Cast: Spider Form       |       |     2 ||     2
       Beastly Appendage |       |     1 ||     1
  Use: Potion            |       |     2 ||     2
 Stab: Sleeping          |     9 |    12 ||    21
Armor: Skin              |    13 |    20 ||    33
Dodge: Dodged            |    60 |    42 ||   102
Block: Other             |       |     2 ||     2
       Reflection        |       |     1 ||     1

Table legend: (Time is in decaauts)
 A = Elapsed time spent in this place.
 B = Non-inter-level travel time spent in this place.
 C = Inter-level travel time spent in this place.
 D = Time resting spent in this place.
 E = Time spent auto-exploring this place.
 F = Levels seen in this place.
 G = Mean time per level.
                   A        B        C        D        E       F      G
               +--------+--------+--------+--------+--------+-----+--------+
         Total |   3707 |   3608 |     99 |    226 |   2779 |   5 |  741.4 |
       Dungeon |   3707 |   3608 |     99 |    226 |   2779 |   5 |  741.4 |
               +--------+--------+--------+--------+--------+-----+--------+

Top non-repeatable levels by time:
     D:1: 1421 daAuts
     D:3: 917 daAuts
     D:2: 765 daAuts
     D:4: 593 daAuts
     D:5: 10 daAuts
